 Dungeon Crawl Stone Soup version 0.29.0-4-gdea44cf6ec (webtiles) character file.

Game seed: 16049327116223202300

52 qw the Chopper (level 4, 0/35 HPs)
             Began as a Formicid Cinder Acolyte on Sept 3, 2022.
             Was a High Priest of Ignis.
             Succumbed to a kobold's poison
             ... on level 2 of the Dungeon.
             The game lasted 00:00:56 (1796 turns).

qw the Chopper (Formicid Cinder Acolyte)            Turns: 1796, Time: 00:00:56

Health: 0/35       AC: 14    Str: 21    XL:     4   Next: 8%
Magic:  5/5        EV: 26    Int: 13    God:    Ignis [*****.]
Gold:   87         SH:  0    Dex:  9    Spells: 5/5 levels left

rFire   + . .      SeeInvis +   Y - -1 hand axe (flame)
rCold   . . .      Faith    .   (no shield)
rNeg    . . .      Spirit   .   d - +0 leather armour
rPois   .          Reflect  .   (helmet unavailable)
rElec   .          Harm     .   (no cloak)
rCorr   +          Rampage  .   (no gloves)
Will    .....                   (no boots)
Stlth   +.........              g - amulet of the acrobat
HPRegen 0.11/turn               f - +4 ring of protection
MPRegen 0.09/turn               i - ring of resist corrosion

@: lethally poisoned (0 -> -5), acrobatic, fiery-armoured
A: permanent stasis, dig shafts and tunnels, antennae 3, four strong arms
a: Dig, Shaft Self, Renounce Religion, Fiery Armour, Foxfire Swarm, Rising Flame


You were on level 2 of the Dungeon.
You worshipped Ignis.
Ignis was extremely pleased with you.
You visited 1 branch of the dungeon, and saw 2 of its levels.

You collected 87 gold pieces.


Innate Abilities, Weirdness & Mutations

You cannot be hasted, slowed, berserked, paralysed or teleported.
You can dig through walls and to a lower floor.
You have a pair of large antennae on your head. (SInv)
Your four strong arms can wield two-handed weapons with a shield.


   Skills:
 - Level 3.2 Fighting
 + Level 4.5 Axes
 - Level 0.7 Dodging
 - Level 1.1 Spellcasting
 - Level 3.0 Fire Magic


You had 5 spell levels left.
You didn't know any spells.
Your spell library contained the following spells:

 Spells                   Type           Power      Damage    Failure   Level
 Scorch                   Fire           16%        2d6       14%         2

Inventory:

Hand Weapons
 Y - a -1 hand axe of flaming (weapon)
Armour
 a - a +0 pair of gloves
 d - a +0 leather armour (worn)
 h - a +0 scale mail
Jewellery
 b - a ring of positive energy
 f - a +4 ring of protection (left hand)
 g - an amulet of the acrobat (around neck)
 i - a ring of resist corrosion (right hand)
Scrolls
 k - 2 scrolls of identify
Potions
 c - a potion of heal wounds
 e - a potion of brilliance {unknown}

Dungeon Overview and Level Annotations

Branches:
Dungeon (2/15)

Altars:
Xom


Message History

Things that are here:
a +1 short sword of speed; a kobold corpse
k - 2 scrolls of identify (gained 1)
Found a stone staircase leading down.
You sense a monster nearby.
A kobold comes into view.
It is wielding a +2 short sword of venom.
The kobold moves out of view.
A kobold is nearby!
You completely miss the kobold.
The kobold hits you with a +2 short sword of venom.
You are poisoned.
You closely miss the kobold.
You feel very sick. The kobold closely misses you.
You hit the kobold but do no damage.
You feel very sick. The kobold hits you but does no damage.
You barely miss the kobold.
You feel sick.
The kobold hits you with a +2 short sword of venom.
You are more poisoned.
You closely miss the kobold.
You feel very sick.
The kobold hits you with a +2 short sword of venom.
You are lethally poisoned!
1791 ||| INVOKING Fiery Armour.
A protective cloak of flame settles atop you.
You feel very sick. The kobold barely misses you.
You hit the kobold. You burn the kobold.
You kill the kobold!
You feel very sick.
There is a lethal amount of poison in your body!
You feel very sick.
There is a lethal amount of poison in your body!
You feel sick.
There is a lethal amount of poison in your body!
You feel sick.
There is a lethal amount of poison in your body!
You die...

... #.# #.# #.#
#.# #.#
#######.#######
#......@.>....#
#.#####)#####.#
#.# #.# #.# #..
#.# #... #.#
#....
##########.#
#..#.# .
...........#
##.#.# .##
############
#.#.# ...


There were no monsters in sight!

Vanquished Creatures
  An adder (D:2)
  5 bats (D:1)
  6 endoplasms
  7 goblins
  4 hobgoblins
  3 quokkas
  4 ball pythons
  2 frilled lizards
  4 kobolds
  A rat (D:1)
37 creatures vanquished.

Notes
Turn   | Place    | Note
-------+----------+-------------------------------------------
     0 | D:1      | qw the Formicid Cinder Acolyte began the quest for the Orb.
     0 | D:1      | Reached XP level 1. HP: 18/18 MP: 2/2
     0 | D:1      | 0 ||| qw: Version: 0.1-a-102-g441f92d
     0 | D:1      | 0 ||| qw: Game counter: 5141
     0 | D:1      | 0 ||| qw: Always use a shield: true
     0 | D:1      | 0 ||| qw: God list: Okawaru
     0 | D:1      | 0 ||| qw: Allow faded altars: false
     0 | D:1      | 0 ||| qw: Do Orc after D:15 true
     0 | D:1      | 0 ||| qw: Do second Lair branch before Depths: true
     0 | D:1      | 0 ||| qw: Lair rune preference: random
     0 | D:1      | 0 ||| qw: Plans: Normal
     0 | D:1      | 0 ||| PLANNING D:1-11
    73 | D:1      | 73 ||| Stepping ~*~*~tactically~*~*~ (stealth).
    88 | D:1      | 88 ||| Stepping ~*~*~tactically~*~*~ (stealth).
    94 | D:1      | 94 ||| Stepping ~*~*~tactically~*~*~ (stealth).
   113 | D:1      | 113 ||| Stepping ~*~*~tactically~*~*~ (stealth).
   164 | D:1      | Found a faded altar of an unknown god.
   173 | D:1      | Reached XP level 2. HP: 22/24 MP: 3/3
   318 | D:1      | You fall into a shaft and drop 1 floor!
   334 | D:2      | 334 ||| Stepping ~*~*~tactically~*~*~ (stealth).
   523 | D:2      | 523 ||| UPGRADING to amulet of the acrobat.
   528 | D:2      | 528 ||| UPGRADING to +4 ring of protection.
   529 | D:2      | 529 ||| UPGRADING to ring of resist corrosion.
   530 | D:2      | 530 ||| READING scroll labelled FAWNUTE YFIOGGI.
   531 | D:2      | 531 ||| READING 3 scrolls labelled REKYLO IBRY.
   532 | D:2      | 532 ||| READING scroll labelled ESMIEMU JIFUEH.
   658 | D:2      | 658 ||| READING 3 scrolls labelled MATTUE MOSKYZ.
   659 | D:2      | 659 ||| DRINKING 2 black potions.
   660 | D:2      | 660 ||| READING 2 scrolls of identify.
   660 | D:2      | 660 ||| IDENTIFYING white potion
   661 | D:2      | 661 ||| DROPPING 2 scrolls of fog.
   662 | D:2      | 662 ||| DROPPING potion of magic.
   903 | D:1      | Reached skill level 4 in Axes
   903 | D:1      | Reached XP level 3. HP: 26/29 MP: 4/4
  1457 | D:1      | 1457 ||| UPGRADING to +0 leather armour.
  1467 | D:1      | 1467 ||| DROPPING +0 robe.
  1468 | D:1      | 1468 ||| READING scroll labelled JAUTHO TEURCHI.
  1666 | D:2      | Found a shimmering altar of Xom.
  1678 | D:2      | Reached XP level 4. HP: 35/35 MP: 5/5
  1791 | D:2      | 1791 ||| INVOKING Fiery Armour.
  1792 | D:2      | HP: 7/35 [poisoned by a kobold]
  1794 | D:2      | HP: 2/35 [poisoned by a kobold]
  1796 | D:2      | Succumbed to a kobold's poison

Levels and vault maps discovered:
D:1:      ebering_hopf_link, layout_basic, ebering_ecumenical_altar_ruins,
          nrook_uturn, kennysheep_small_spiral, grunt_decor_resistance,
          minmay_pentomino_v4
D:2:      layout_loops_ring, basic_altar

Skill      XL: |  1  2 |
---------------+-------+-----
Axes           | 4 |  4.5
Fighting       | |  3.2
Dodging        | |  0.7
Spellcasting   | |  1.1
Fire Magic     | |  3.0

Action                   |  1- 3 |  4- 6 || total
-------------------------+-------+-------++-------
Melee: Hand axe          |    93 |     9 ||   102
       Punch             |     1 |       ||     1
Invok: Fiery Armour      |       |     1 ||     1
  Use: Scroll            |     6 |       ||     6
       Potion            |     1 |       ||     1
Armor: Robe              |    12 |       ||    12
       Leather armour    |    14 |     1 ||    15
Dodge: Dodged            |    64 |     2 ||    66

Table legend:
 A = Non-vault XP
 B = Vault XP
 C = Vault XP percentage of total XP
 D = Non-vault monster count
 E = Vault monster count
 F = Vault count percentage of total count
                 A         B        C        D         E       F
            +---------+---------+-------+---------+---------+-------
      Total |      69 |       6 |   8.0 |      33 |       4 |  10.8
            +---------+---------+-------+---------+---------+-------
        D:1 |      30 |       6 |  16.7 |      18 |       4 |  18.2
        D:2 |      39 |       0 |   0.0 |      15 |       0 |   0.0
            +---------+---------+-------+---------+---------+-------
